 Dungeon Crawl Stone Soup version 0.28-a0-461-g2dc4ca5097 (webtiles) character file.

Game seed: 3041244210301376083

35 Gwenloh the Sneak (level 3, -1/34 HPs)
             Began as a Naga Delver on Sept 13, 2021.
             Was an Initiate of Zin.
             Slain by an orc wizard (4 damage)
             ... on level 5 of the Dungeon.
             The game lasted 00:03:04 (205 turns).

Gwenloh the Sneak (Naga Delver)                      Turns: 205, Time: 00:03:05

Health: -1/34      AC:  2    Str: 14    XL:     3   Next: 35%
Magic:  3/3        EV:  9    Int: 10    God:    Zin [......]
Gold:   0          SH:  0    Dex: 13    Spells: 2/2 levels left

rFire   . . .      SeeInvis +   a - +0 short sword
rCold   . . .      Faith    .   (no shield)
rNeg    . . .      Spirit   .   b - +0 leather armour
rPois   +          Reflect  .   (no helmet)
rElec   .          Harm     .   (no cloak)
rCorr   .          Rampage  .   (no gloves)
Will    .....                   (no barding)
Stlth   +++.......              (no amulet)
HPRegen 0.11/turn               (no ring)
MPRegen 0.08/turn               (no ring)

@: very slow
A: AC +1, large, see invisible, deformed body, poison resistance, slowness 2,
spit poison 1, naga tail 1
a: Spit Poison, Renounce Religion, Donate Gold


You were on level 5 of the Dungeon.
You worshipped Zin.
Zin was noncommittal.
You visited 2 branches of the dungeon, and saw 2 of its levels.

Inventory:

Hand Weapons
 a - a +0 short sword (weapon)
Armour
 b - a +0 leather armour (worn)
Wands
 g - a wand of digging (3)
Scrolls
 c - a scroll of fog
 d - a scroll of magic mapping
Potions
 f - a potion of haste


   Skills:
 + Level 3.3 Fighting
 + Level 2.4 Short Blades
 + Level 2.0 Dodging
 + Level 7.6 Stealth


You had 2 spell levels left.
You didn't know any spells.
Your spell library was empty.

Dungeon Overview and Level Annotations

Branches:
Dungeon (5/15)             Temple (1/1) D:5

Altars:
Ashenzari
Dithmenos
Elyvilon
Hepliaklqana
Nemelex Xobeh
Qazlal
Ru
Trog
Yredelemnul
Zin


Innate Abilities, Weirdness & Mutations

Your serpentine skin is tough. (AC +1)
You have supernaturally acute eyesight. (SInv)
Armour fits poorly on your strangely shaped body.
Your system is resistant to poisons. (rPois)
You cover ground very slowly.
You can spit poison.
You have a snake-like lower body.


Message History

You can't do that yet.
You can't do that yet.
Unknown command.
Okay, then.
As you read the scroll of fear, it crumbles to dust.
You assume a fearsome visage.
The orc wizard looks frightened!
You have got your breath back.
Press: ? - help, Shift-Dir - straight line, f - you, p - orc wizard
Okay, then.
The orc wizard wails, "Oh dear!
Oh dear!"
You start resting.
An orc wizard is nearby!
Press: ? - help, Shift-Dir - straight line, f/p - orc wizard
Aim: an orc wizard, wielding a +0 dagger and wearing a +0 robe (moderately wounded, wandering, hasn't noticed you)
The splash of poison hits the orc wizard.
The orc wizard is heavily wounded.
The orc wizard shouts!
You hit the orc wizard.
The orc wizard is heavily wounded.
The orc wizard hits you with a +0 dagger.
* * * LOW HITPOINT WARNING * * *
You hit the orc wizard but do no damage.
The orc wizard is heavily wounded.
The orc wizard barely misses you.
You barely miss the orc wizard.
The orc wizard is heavily wounded.
The orc wizard barely misses you.
You closely miss the orc wizard.
The orc wizard is heavily wounded.
You have got your breath back.
The orc wizard casts a spell at you. The magic dart hits you.
* * * LOW HITPOINT WARNING * * *
You closely miss the orc wizard.
The orc wizard is heavily wounded.
The orc wizard barely misses you.
You hit the orc wizard but do no damage.
The orc wizard is heavily wounded.
The orc wizard hits you with a +0 dagger.
You die...

###########
#.........#
##........#
#@.......#
##o####### #..# ##
#.## . ##)#
#.###..#########
#.##.#.##....>....#
#.................#
#..###.#..........#


You could see an orc wizard.

Vanquished Creatures
  An orc wizard (D:5)
  An adder (D:5)
  An orc (D:5)
3 creatures vanquished.

Notes
Turn   | Place    | Note
-------+----------+-------------------------------------------
     0 | D:5      | Gwenloh the Naga Delver began the quest for the Orb.
     0 | D:5      | Reached XP level 1. HP: 21/21 MP: 1/1
    21 | D:5      | Found a staircase to the Ecumenical Temple.
    25 | D:5      | Reached XP level 2. HP: 28/28 MP: 2/2
    37 | Temple   | Entered the Ecumenical Temple
    84 | Temple   | Became a worshipper of Zin the Law-Giver
   116 | D:5      | Reached XP level 3. HP: 21/34 MP: 3/3
   205 | D:5      | Slain by an orc wizard

Illustrated notes

Levels and vault maps discovered:
D:5:      layout_rooms, grunt_temple_overflow_lords_of_destruction,
          kennysheep_okawaru_gauntlet, grunt_temple_overflow_open,
          minmay_temple_entry_sparse_star, chequers_serial_rivers_small_b,
          minmay_misc_feat_hallway, uniq_blork_the_orc
Temple:   eino_temple_lava

Skill      XL: |  1  2 |
---------------+-------+-----
Dodging        | 2 |  2.0
Fighting       | |  3.3
Short Blades   | |  2.4
Stealth        | |  7.6

Action                   || total
-------------------------++-------
Melee: Short sword       ||    22
 Abil: Spit Poison       ||     7
  Use: Scroll            ||     1
Armor: Leather armour    ||     3
Dodge: Dodged            ||     9

Table legend: (Time is in decaauts)
 A = Elapsed time spent in this place.
 B = Non-inter-level travel time spent in this place.
 C = Inter-level travel time spent in this place.
 D = Time resting spent in this place.
 E = Time spent auto-exploring this place.
 F = Levels seen in this place.
 G = Mean time per level.
                   A        B        C        D        E       F      G
               +--------+--------+--------+--------+--------+-----+--------+
         Total |    246 |    237 |      9 |     63 |     39 |   2 |  123.0 |
       Dungeon |    169 |    169 |      0 |     63 |      0 |   1 |  169.0 |
        Temple |     77 |     68 |      9 |      0 |     39 |   1 |   77.0 |
               +--------+--------+--------+--------+--------+-----+--------+

Top non-repeatable levels by time:
     D:5: 169 daAuts
  Temple: 77 daAuts
